 Dungeon Crawl Stone Soup version 0.32-a0-612-g1c984fe9d1 (webtiles) character file.

Game seed: 15223256150525908736

2 backslashecho the Chopper (level 1, -2/18 HPs)
             Began as a Coglin Berserker on Mar 4, 2024.
             Was a Follower of Trog.
             Slain by a kobold
             ... wielding a +1 short sword of electrocution
              (15 damage)
             ... on level 1 of the Dungeon.
             The game lasted 00:00:15 (96 turns).

backslashecho the Chopper (Coglin Berserker)          Turns: 96, Time: 00:00:16

Health: -2/18      AC:  2    Str: 17    XL:     1   Next: 40%
Magic:  1/1        EV: 12    Int:  6    God:    Trog [*.....]
Gold:   13         SH:  0    Dex: 13    Spells: 0/0 levels left

rFire   . . .        a - +0 hand axe {Bianca}
rCold   . . .        c - +0 dagger {Haoran}
rNeg    . . .        b - +0 animal skin
rPois   .            (no helmet)
rElec   .            (no cloak)
rCorr   .            (no gloves)
SInv    .            (no boots)
Will    .....        (amulet unavailable)
Stlth   +            (ring unavailable)
HPRegen 0.23/turn    (ring unavailable)
MPRegen 0.07/turn    (no gizmo)

%: no passive effects
@: revving
A: off-hand wielding, slow wielding, warmup strikes, no jewellery
a: Invent Gizmo, Renounce Religion, Berserk


You were on level 1 of the Dungeon.
You worshipped Trog.
Trog was aware of your devotion.
You visited 1 branch of the dungeon, and saw 1 of its levels.

You collected 13 gold pieces.

Inventory:

Hand Weapons
 a - a +0 hand axe (weapon) {Bianca}
 c - a +0 dagger (offhand) {Haoran}
Armour
 b - a +0 animal skin (worn)
Scrolls
 d - a scroll of identify {unknown}


   Skills:
 + Level 3.0 Fighting
 * Level 0.1 Short Blades
 * Level 3.0 Axes
 + Level 1.8 Armour
 + Level 1.8 Dodging


You couldn't memorise any spells.
You didn't know any spells.
Your spell library was empty.

Dungeon Overview and Level Annotations

Branches:
Dungeon (1/15)

Altars:


Innate Abilities, Weirdness & Mutations

You can wield a second weapon in your off-hand.
It takes a long time for you to wield or remove held weapons.
Your first few attacks do less damage.
You cannot equip rings or amulets.


Message History

Welcome, backslashecho the Coglin Berserker.
Will you be the one to retrieve the magnificent Orb of Zot from the depths?
Trog says: Kill them all!
Press ? for a list of commands and other information.
Found a scale mail, 5 stones and 5 gold pieces.
Found a staircase leading out of the dungeon.
Unknown command.
You now have 5 gold pieces.
Found a quarterstaff.
A goblin comes into view. It is wielding a +0 club.
The goblin shouts!
A goblin is nearby!
The goblin hits you with a +0 club.
You take 3 damage, and have 15/18 hp.
You hit the goblin with your +0 dagger.
You kill the goblin!
Trog accepts your kill.
Things that are here:
a +0 club; a goblin corpse No target in view!
No target in view!
HP restored.
d - a scroll labelled YDDIZOS QOSK A frilled lizard comes into view.
The frilled lizard hisses angrily.
You hear an angry hiss.
Health restored: 18 A frilled lizard is nearby!
A frilled lizard comes into view.
Found 8 gold pieces.
The frilled lizard bites you.
You take 1 damage, and have 17/18 hp.
You hit the frilled lizard with your +0 dagger.
You kill the frilled lizard!
Trog accepts your kill.
You barely miss the frilled lizard with your +0 dagger.
You closely miss the frilled lizard with your +0 hand axe.
The frilled lizard bites you.
You take 2 damage, and have 15/18 hp.
You completely miss the frilled lizard with your +0 dagger.
You closely miss the frilled lizard with your +0 hand axe.
The frilled lizard closely misses you.
You barely miss the frilled lizard with your +0 dagger.
You closely miss the frilled lizard with your +0 hand axe.
The frilled lizard bites you.
You take 1 damage, and have 15/18 hp.
You hit the frilled lizard with your +0 dagger.
The frilled lizard is heavily wounded.
You miss the frilled lizard with your +0 hand axe.
The frilled lizard bites you.
You take 1 damage, and have 14/18 hp.
You barely miss the frilled lizard with your +0 dagger.
The frilled lizard is heavily wounded.
You closely miss the frilled lizard with your +0 hand axe.
The frilled lizard bites you.
You take 2 damage, and have 12/18 hp.
You slash the frilled lizard with your +0 hand axe!
You kill the frilled lizard!
Trog accepts your kill.
No target in view!
No target in view!
Found a stone staircase leading down.
Health restored: 18 You now have 13 gold pieces (gained 8).
A kobold comes into view.
It is wielding a +1 short sword of electrocution.
A kobold is nearby!
Found 3 gold pieces.
The kobold shouts!
The kobold throws a stone.
The stone barely misses you.
You barely miss the kobold with your +0 hand axe.
You hit the kobold with your +0 dagger.
The kobold hits you with a +1 short sword of electrocution.
You take 4 damage, and have 14/18 hp.
MASSIVE DAMAGE!!
You completely miss the kobold with your +0 dagger.
The kobold is moderately wounded.
You hit the kobold but do no damage.
The kobold hits you with a +1 short sword of electrocution.
You are electrocuted!
Ouch! That really hurt!
You die...

#..#†.........####..
#.........#...##....
#########...####.###..##.#..
................## #....#..
#########.#..###.# #.#.###
#......# #...... #.###..###
...... ... #....# #.#....
.## #@?#.# #.#..). #.
#....K.#.# #...... #
###.#.... #...≈≈≈ #.#.##.#
...≈≈.. . #.# .# ..≈≈... ##
#$# # .≈≈.... ..# .≈.....
### .≈..ß.( .≈≈.♣..


You could see a kobold.

Vanquished Creatures
  A goblin (D:1)
  2 frilled lizards (D:1)
3 creatures vanquished.

Notes
Turn   | Place    | Note
-------+----------+-------------------------------------------
     0 | D:1      | backslashecho the Coglin Berserker began the quest for the
                  | Orb.
     0 | D:1      | Reached XP level 1. HP: 18/18 MP: 1/1
    96 | D:1      | Slain by a kobold

Illustrated notes

Levels and vault maps discovered:
D:1:      moated_graveyard_arrival, layout_loops_ring

Action                     || total
---------------------------++-------
  Melee: Dagger            ||     9
         Hand axe          ||     8
 Armour: Animal skin       ||     8
  Dodge: Dodged            ||     2

Table legend: (Time is in decaauts)
 A = Elapsed time spent in this place.
 B = Non-inter-level travel time spent in this place.
 C = Inter-level travel time spent in this place.
 D = Time resting spent in this place.
 E = Time spent auto-exploring this place.
 F = Levels seen in this place.
 G = Mean time per level.
                   A        B        C        D        E       F      G
               +--------+--------+--------+--------+--------+-----+--------+
         Total |     96 |     96 |      0 |      0 |     71 |   1 |   96.0 |
       Dungeon |     96 |     96 |      0 |      0 |     71 |   1 |   96.0 |
               +--------+--------+--------+--------+--------+-----+--------+

Top non-repeatable levels by time:
     D:1: 96 daAuts
